 Dungeon Crawl Stone Soup version 0.27.1-34-g3ba077fa99 (webtiles) character file.

Game seed: 5507396403276815413

49323 ticklebelly the Severer (level 14, -4/133 HPs)
             Began as a Minotaur Berserker on Jan 4, 2022.
             Was a High Priest of Trog.
             Slain by a seven-headed hydra (12 damage)
             ... on level 5 of the Lair of Beasts.
             The game lasted 01:00:19 (18436 turns).

ticklebelly the Severer (Minotaur Berserker)       Turns: 18436, Time: 01:00:20

Health: -4/133     AC: 26    Str: 25    XL:     14   Next: 15%
Magic:  13/13      EV: 14    Int:  4    God:    Trog [*****.]
Gold:   2201       SH:  0    Dex: 18    Spells: 13/13 levels left

rFire    . . .     SeeInvis .   U - +3 broad axe (flame)
rCold    . . .     Faith    .   (no shield)
rNeg     . . .     Spirit   .   L - +1 plate armour {rPois}
rPois    +         Reflect  .   s - +1 hat {Will+}
rElec    .         Harm     .   (no cloak)
rCorr    .         Rampage  .   d - +0 pair of gloves
Will     ++++.                  e - +0 pair of boots
Stlth    ..........             B - amulet of regeneration
HPRegen  2.32/turn              H - +4 ring of protection
MPRegen  0.13/turn              n - +6 ring of dexterity

@: strong-willed, regenerating
A: horns 2, retaliatory headbutt
a: Renounce Religion, Berserk, Trog's Hand, Brothers in Arms


You were on level 5 of the Lair of Beasts.
You worshipped Trog.
Trog was extremely pleased with you.
You visited 2 branches of the dungeon, and saw 17 of its levels.
You also visited: Volcano.

You collected 2201 gold pieces.

Inventory:

Hand Weapons
 r - a +6 executioner's axe
 u - a +1 battleaxe
 A - the +10 great mace of the Hawk {flame, *Corrode rPois Dex+5}
   (You found it on level 2 of the Lair of Beasts)

   It burns those it strikes, dealing additional fire damage.
   Dex:       It affects your dexterity (+5).
   rPois:     It protects you from poison.
   *Corrode:  It may corrode you when you take damage.
 U - a +3 broad axe of flaming (weapon)
Missiles
 a - 12 boomerangs (quivered)
 x - 4 throwing nets
Armour
 d - a +0 pair of gloves (worn)
 e - a +0 pair of boots (worn)
 s - a +1 hat of willpower (worn)
 L - a +1 plate armour of poison resistance (worn)
 T - a +3 chain mail of fire resistance
Jewellery
 c - a +4 ring of evasion
 i - an amulet of the acrobat
 n - a +6 ring of dexterity (right hand)
 B - an amulet of regeneration (around neck)
 C - a ring of flight
 H - a +4 ring of protection (left hand)
 P - a ring of see invisible
 R - a ring of protection from fire
Wands
 w - a wand of flame (46)
 G - a wand of digging (2)
 I - a wand of iceblast (12)
 M - a wand of acid (5)
 O - a wand of mindburst (15)
Scrolls
 b - a scroll of summoning
 h - 4 scrolls of blinking
 l - 5 scrolls of enchant weapon
 m - a scroll of fear {unknown}
 v - 2 scrolls of immolation
 y - 2 scrolls of enchant armour
 z - 7 scrolls of teleportation
 E - a scroll of magic mapping
 F - a scroll of fog
 J - 3 scrolls of holy word
 K - 2 scrolls of identify
Potions
 f - 3 potions of cancellation
 g - 7 potions of haste
 j - a potion of berserk rage
 k - 6 potions of heal wounds
 o - 10 potions of curing
 q - 2 potions of flight
 t - 3 potions of lignification
 D - 4 potions of might
 N - a potion of magic
 S - a potion of invisibility
Miscellaneous
 p - a tin of tremorstones (2/2)


   Skills:
 + Level 14.9 Fighting
 + Level 15.0 Axes
 + Level 14.7 Armour
 + Level 13.0 Dodging


You had 13 spell levels left.
You didn't know any spells.
Your spell library was empty.

Dungeon Overview and Level Annotations

Branches:
Dungeon (11/15)            Temple (0/1) D:7            Lair (6/6) D:9
  Swamp (0/4) Lair:3        Snake (0/4) Lair:4        Slime (0/5) Lair:5
Volcano (visited)
    Orc: D:9-12

Altars:
Dithmenos
Elyvilon
Gozag
Hepliaklqana
Okawaru
Sif Muna
Uskayaw
Vehumet
Wu Jian
Yredelemnul

Shops:
D:10 ?


Innate Abilities, Weirdness & Mutations

You have a pair of horns on your head.
You reflexively headbutt those who attack you in melee.


Message History

The seven-headed hydra bites you! x2
* * * LOW HITPOINT WARNING * * *
The seven-headed hydra bites you!
* * * LOW HITPOINT WARNING * * *
The seven-headed hydra closely misses you.
The seven-headed hydra bites you but does no damage.
The seven-headed hydra misses you.
The seven-headed hydra bites you but does no damage.
The wolf closely misses you. The wolf barely misses you.
Your ogre goes berserk!
You feel the effects of Trog's Hand fading.
The wolf barely misses you. x2; The wolf closely misses you.
The seven-headed hydra closely misses you.
You furiously retaliate!
You headbutt the seven-headed hydra. The seven-headed hydra misses you.
The seven-headed hydra closely misses you.
The seven-headed hydra bites you but does no damage.
The seven-headed hydra misses you.
The seven-headed hydra bites you but does no damage.
The seven-headed hydra bites you!
* * * LOW HITPOINT WARNING * * *
The wolf closely misses you. The seven-headed hydra bites you.
* * * LOW HITPOINT WARNING * * *
The seven-headed hydra bites you but does no damage. x2
The seven-headed hydra bites you.
* * * LOW HITPOINT WARNING * * *
The seven-headed hydra bites you but does no damage.
The seven-headed hydra bites you.
* * * LOW HITPOINT WARNING * * *
The seven-headed hydra bites you but does no damage.
The wolf completely misses you. The wolf bites you but does no damage.
Your skin crawls.
You feel strong-willed. The wolf barely misses you.
The seven-headed hydra bites you but does no damage. x2
The seven-headed hydra barely misses you.
The seven-headed hydra bites you.
* * * LOW HITPOINT WARNING * * *
The seven-headed hydra bites you!
You die...

#....##.....#......#...##...
#.................#....##...
#P...#......#.........###...
#.....#....#......###.# #...
#P....##.##........#..###†..
#.....#..#..#......##.^.#...
##......................††..
#........hh................
#......<.h@D...............
##..........D>..............
##.........O.................
#.#...P..#.#.................
###....#.#####.....#.#.#.PP..
#...#######.....##......#..
#....#...##............#...
##.....#..###....#.......#..
#P....#...#.....P..P....++..


You could see 2 seven-headed hydras, 3 wolves and a friendly ogre (summoned,
berserk).

Vanquished Creatures
  Gastronok (Lair:2)
  Harold (D:11)
  8 hydras
  3 boulder beetles
  A catoblepas (Lair:6)
  A centaur warrior (D:8)
  A two-headed ogre (D:11)
  A dancing weapon (Volcano)
  The ghost of Stadtfeld the Reanimator, a novice DsNe of Makhleb (D:8)
  3 wizards (Volcano)
  The ghost of boopmooplesden the Carver, a novice MiFi (D:6)
  Pikel (D:5)
  2 cyclopes (D:11)
  2 ugly things
  An oklob plant (Lair:3)
  6 elephants (Lair:3)
  5 toenail golems (Volcano)
  Joseph (Lair:1)
  8 black mambas
  7 cane toads
  9 komodo dragons
  2 trolls
  3 polar bears
  Grinder (D:3)
  2 hornets
  Prince Ribbit (D:5)
  A slime creature (D:8)
  11 blink frogs
  The ghost of Flarelocke the Ruffian, an amateur TrMo of Qazlal (D:4)
  A shadow (D:11)
  Sigmund (D:4)
  Eustachio (D:4)
  4 wyverns
  4 basilisks
  33 yaks
  2 wraiths
  2 humans (D:10)
  Grum (D:10)
  A naga (Lair:4)
  17 water moccasins
  5 orc warriors
  3 sky beasts
  A necrophage (D:6)
  3 ice beasts
  An ogre (D:5)
  9 wolves
  3 centaurs
  A phantom (D:6)
  15 bullfrogs
  3 gnoll sergeants (D:10)
  A scorpion (D:6)
  A wyvern zombie (D:8)
  A water moccasin skeleton (D:4)
  5 wights
  11 killer bees
  2 electric eels
  3 howler monkeys
  3 centaur zombies
  5 jellies
  2 bullfrog zombies (D:6)
  12 hounds
  A bullfrog skeleton (D:6)
  Crazy Yiuf (D:5)
  10 orc priests
  5 gnoll shamans
  4 iguanas
  2 centaur skeletons
  12 orc wizards
  A howler monkey zombie (D:6)
  30 gnolls
  5 adders
  A shadow imp (D:6)
  2 white imps
  A worm (D:2)
  3 dart slugs (D:1)
  47 orcs
  4 ball pythons
  8 endoplasms
  2 giant cockroaches
  5 goblins
  6 hobgoblins
  7 jackals
  8 kobolds
  11 bats
  6 frilled lizards
  6 rats
  A butterfly (Lair:4)
432 creatures vanquished.

Vanquished Creatures (collateral kills)
  A torpor snail (Lair:4)
  4 yaks (Lair:4)
  4 nagas (Lair:4)
9 creatures vanquished.

Vanquished Creatures (others)
  2 wizards (Volcano)
  10 fungi
  28 plants
40 creatures vanquished.

Grand Total: 481 creatures vanquished

Notes
Turn   | Place    | Note
-------+----------+-------------------------------------------
     0 | D:1      | ticklebelly the Minotaur Berserker began the quest for the
                  | Orb.
     0 | D:1      | Reached XP level 1. HP: 19/19 MP: 0/0
   148 | D:1      | Reached XP level 2. HP: 20/27 MP: 1/1
   468 | D:1      | Reached skill level 4 in Axes
   746 | D:1      | Reached ** piety under Trog
   790 | D:1      | Reached XP level 3. HP: 31/33 MP: 2/2
   871 | D:1      | Found a faded altar of an unknown god.
  1386 | D:2      | Reached XP level 4. HP: 16/41 MP: 3/3
  2611 | D:3      | Noticed Grinder
  2611 | D:3      | Paralysed by Grinder for 3 turns
  2625 | D:3      | Killed Grinder
  2626 | D:3      | Reached skill level 5 in Fighting
  2626 | D:3      | Reached skill level 5 in Axes
  2626 | D:3      | Reached XP level 5. HP: 22/48 MP: 4/4
  2626 | D:3      | Reached XP level 6. HP: 26/56 MP: 5/5
  2883 | D:3      | Noticed an ice beast
  2892 | D:3      | Killed an ice beast
  2893 | D:3      | Reached skill level 5 in Armour
  3534 | D:4      | Reached skill level 6 in Axes
  3557 | D:4      | Noticed Sigmund
  3602 | D:4      | Killed Sigmund
  3603 | D:4      | Reached XP level 7. HP: 55/64 MP: 6/6
  3661 | D:4      | Found a shadowy altar of Dithmenos.
  3667 | D:4      | Reached *** piety under Trog
  3800 | D:4      | Noticed Eustachio
  3812 | D:4      | Killed Eustachio
  4129 | D:4      | Found a large runed translucent door.
  4130 | D:4      | Found a large runed translucent door.
  4130 | D:4      | Noticed Flarelocke's ghost (amateur TrMo)
  4279 | D:4      | Killed Flarelocke's ghost
  4280 | D:4      | Reached skill level 7 in Axes
  4280 | D:4      | Reached XP level 8. HP: 73/73 MP: 7/7
  4414 | D:4      | Found a white marble altar of Elyvilon.
  4770 | D:4      | Found a basalt altar of Yredelemnul.
  4895 | D:5      | Entered Level 5 of the Dungeon
  4895 | D:5      | Noticed Pikel
  4901 | D:5      | Killed Pikel
  5062 | D:5      | Reached skill level 8 in Axes
  5344 | D:5      | Found an ornate altar of the Wu Jian Council.
  5458 | D:5      | Reached skill level 5 in Dodging
  5552 | D:5      | Noticed Prince Ribbit
  5557 | D:5      | Killed Prince Ribbit
  5558 | D:5      | Reached XP level 9. HP: 82/82 MP: 8/8
  6072 | D:5      | Found a runed translucent door.
  6073 | D:5      | Noticed Crazy Yiuf
  6080 | D:5      | Killed Crazy Yiuf
  6233 | D:6      | Found a runed translucent gate.
  6236 | D:6      | Found a runed translucent gate.
  6237 | D:6      | Found a runed translucent gate.
  6237 | D:6      | Noticed boopmooplesden's ghost (novice MiFi)
  6250 | D:6      | Killed boopmooplesden's ghost
  6251 | D:6      | Reached skill level 9 in Axes
  6844 | D:6      | Noticed a white ugly thing
  6857 | D:6      | Killed a white ugly thing
  6858 | D:6      | Reached XP level 10. HP: 55/93 MP: 9/9
  6863 | D:6      | Reached **** piety under Trog
  6881 | D:6      | Reached skill level 10 in Axes
  7351 | D:6      | Reached skill level 10 in Fighting
  8106 | D:7      | Found a radiant altar of Vehumet.
  8722 | D:7      | Found a staircase to the Ecumenical Temple.
  9070 | D:8      | Reached skill level 10 in Armour
  9548 | D:8      | Found an opulent altar of Gozag.
  9583 | D:8      | Identified the +1 arbalest "Tequb" {elec, *Corrode Str-4
                  | Dex+6 Stlth+}
  9996 | D:8      | Noticed a centaur warrior
 10003 | D:8      | Killed a centaur warrior
 10004 | D:8      | Reached skill level 11 in Axes
 10077 | D:8      | Reached XP level 11. HP: 91/102 MP: 10/10
 10128 | D:8      | Found a runed translucent door.
 10129 | D:8      | Noticed Stadtfeld's ghost (novice DsNe)
 10217 | D:8      | Killed Stadtfeld's ghost
 10454 | D:8      | Found a hazy altar of Hepliaklqana.
 10764 | D:9      | Found a staircase to the Lair.
 11121 | D:9      | Found a shimmering blue altar of Sif Muna.
 11347 | D:10     | Entered Level 10 of the Dungeon
 11486 | D:10     | Noticed Grum
 11531 | D:10     | Killed Grum
 11610 | D:10     | Reached ***** piety under Trog
 11688 | D:10     | Found an iron altar of Okawaru.
 11760 | D:10     | Found Qaskov's Magic Scroll Boutique.
 12115 | D:11     | Noticed a red ugly thing
 12118 | D:11     | Noticed a boulder beetle
 12121 | D:11     | Killed a red ugly thing
 12132 | D:11     | Killed a boulder beetle
 12133 | D:11     | Reached skill level 12 in Axes
 12417 | D:11     | Reached skill level 10 in Dodging
 12516 | D:11     | Noticed a two-headed ogre
 12522 | D:11     | Killed a two-headed ogre
 12525 | D:11     | Noticed Harold
 12538 | D:11     | Killed Harold
 12539 | D:11     | Reached XP level 12. HP: 113/113 MP: 11/11
 13049 | D:11     | Noticed a boulder beetle
 13069 | D:11     | Killed a boulder beetle
 13523 | Lair:1   | Entered Level 1 of the Lair of Beasts
 13620 | Lair:1   | Found an ornate altar of the Wu Jian Council.
 13649 | Lair:1   | Noticed Joseph
 13661 | Lair:1   | Killed Joseph
 13913 | Lair:1   | Found a dark tunnel.
 13922 | Volcano  | Entered a volcano
 13999 | Volcano  | Reached skill level 13 in Axes
 14480 | Lair:1   | Noticed a six-headed hydra
 14487 | Lair:1   | Killed a three-headed hydra
 14601 | Lair:1   | Noticed a boulder beetle
 14602 | Lair:1   | Found a hide-covered altar of Uskayaw.
 14616 | Lair:1   | Killed a boulder beetle
 15173 | Lair:2   | You fall into a shaft and drop 2 floors!
 15270 | Lair:4   | Reached XP level 13. HP: 108/122 MP: 12/12
 15294 | Lair:4   | Found a staircase to the Snake Pit.
 15441 | Lair:4   | Identified the +6 short sword "Rysi" {drain, SInv}
 15485 | Lair:4   | Received a gift from Trog
 16351 | Lair:2   | Reached skill level 14 in Axes
 16471 | Lair:2   | Noticed Gastronok
 16480 | Lair:2   | Killed Gastronok
 16628 | Lair:2   | Identified the +10 great mace of the Hawk {flame, *Corrode
                  | rPois Dex+5}
 16687 | Lair:2   | Identified a scroll of acquirement
 16687 | Lair:2   | Acquired 986 gold pieces
 17062 | Lair:3   | Found a staircase to the Swamp.
 17136 | Lair:3   | Reached XP level 14. HP: 133/133 MP: 13/13
 17639 | Lair:5   | Found a staircase to the Slime Pits.
 18415 | Lair:6   | Entered Level 6 of the Lair of Beasts
 18423 | Lair:6   | Reached skill level 15 in Axes
 18436 | Lair:5   | Slain by a seven-headed hydra

Illustrated notes

Levels and vault maps discovered:
D:1:      doesnt_arrival_eight_statues, layout_loops_corners,
          ebering_ecumenical_altar_abandoned
D:2:      layout_loops_corners, chequers_serial_rivers_small_b
D:3:      layout_basic, uniq_grinder
D:4:      layout_loops_ring, kennysheep_ying_yang,
          nicolae_dithmenos_shadow_blocks, ebering_ghost_disaster_area,
          minmay_parallelograms, dk_noncrumbling_2, minivault_19,
          minmay_misc_feat_alley, feat_on_display, uniq_eustachio, uniq_sigmund
D:5:      layout_loops_ring, kennysheep_mini_moat, minmay_misc_feat_ornament,
          minmay_misc_feat_doors, uniq_pikel, uniq_prince_ribbit1,
          uniq_crazy_yiuf_cottage
D:6:      hangedman_cross_stitches, layout_gridville, ebering_ghost_rock_garden,
          chequers_serial_rivers_small_a, minmay_fractal_squares_5
D:7:      layout_layer_cave, mainiacjoe_overflow_paths,
          minmay_temple_entry_statues
D:8:      layout_loops_corners, mainiacjoe_overflow_surrounded_room,
          nicolae_hepliaklqana_hippocampus, gammafunk_ghost_grave,
          minmay_shattered_shrine
D:9:      layout_roguey, nicolae_sif_muna_little_library, serial_curves,
          eino_curves_04, eino_curves_03, eino_curves_01, eino_curves_01
D:10:     layout_big_octagon, okawaru_humans, serial_gnoll_camp,
          gnoll_camp_mini_house, gnoll_camp_huts_basic, gnoll_camp_medium_01,
          gnoll_camp_mini_doghouse, gnoll_camp_mini_hut, gnoll_camp_mini_shop,
          uniq_grum
D:11:     kennysheep_spiral_hall, layout_layer_cave, uniq_harold
Lair:1:   layout_regular_city, lightli_volcano_entry_magma_tube,
          nzn_masters_of_martial_movement, uniq_joseph
Lair:2:   nzn_winding_woodlands_stair_trap [nzn_winding_woodlands_5x15_jagged,
          nzn_winding_woodlands_5x15_garden, nzn_winding_woodlands_5x15_eye,
          nzn_winding_woodlands_15x15_killbox,
          nzn_winding_woodlands_5x15_river_crossing,
          nzn_winding_woodlands_5x15_sawtooth,
          nzn_winding_woodlands_5x15_crooked], layout_big_grid, pond,
          lemuel_fruit_tree, uniq_gastronok
Lair:3:   layout_chaotic_city, swamp_mist, minivault_25, guppyfry_lair_drakes,
          minmay_lair_oklob_chamber
Lair:4:   layout_layer_cave, minmay_snake_entry_guardpost_medium,
          lemuel_fruit_fields
Lair:5:   layout_regular_city, minmay_slime_entry_pillars, serial_bayou_shore_a
Lair:6:   cheibrodos_lair_end_hotspot, layout_regular_city

Skill      XL: |  1  2  3  4  5  6  7  8  9 10 11 12 13 14 |
---------------+-------------------------------------------+-----
Fighting       | 4 5 6 7 8 9 11 12 13 14 | 14.9
Axes           | 4 5 6 7 8 9 11 12 13 14 15 | 15.0
Armour         | 3 4 5 6 7 9 10 12 13 14 | 14.7
Dodging        | 3 5 7 8 10 11 12 13 | 13.0

Action                   |  1- 3 |  4- 6 |  7- 9 | 10-12 | 13-15 || total
-------------------------+-------+-------+-------+-------+-------++-------
Melee: Hand axe          |    77 |    79 |    94 |       |       ||   250
       Headbutt          |    14 |     9 |    54 |   158 |    77 ||   312
       Broad axe         |       |       |   155 |    80 |   238 ||   473
       Battleaxe         |       |       |       |   506 |       ||   506
Invok: Berserk           |     1 |     1 |     7 |     4 |     1 ||    14
       Trog's Hand       |       |       |     5 |     6 |     3 ||    14
       Brothers in Arms  |       |       |       |       |     2 ||     2
  Use: Scroll            |       |       |       |    18 |     6 ||    24
       Potion            |       |       |       |       |     1 ||     1
Armor: Animal skin       |     9 |       |       |       |       ||     9
       Ring mail         |    12 |    23 |    16 |       |       ||    51
       Chain mail        |       |       |    40 |       |       ||    40
       Plate armour      |       |       |    45 |   413 |   239 ||   697
Dodge: Dodged            |    54 |    47 |   136 |   379 |   206 ||   822
